 Dungeon Crawl Stone Soup version 0.30-a0-1094-g860fb061e7 (webtiles) character file.

Game seed: 15386319720040108379

204 BlueFish the Sneak (level 5, -6/35 HPs)
             Began as an Octopode Warper on Apr 17, 2023.
             Mangled by a gnoll sergeant
             ... wielding a +0 spear
              (15 damage)
             ... on level 3 of the Dungeon.
             The game lasted 00:06:23 (3048 turns).

BlueFish the Sneak (Octopode Warper)                Turns: 3048, Time: 00:06:24

Health: -6/35      AC:  1    Str: 19    XL:     5   Next: 82%
Magic:  6/8        EV: 14    Int: 15    God:
Gold:   187        SH:  0    Dex: 17    Spells: 2/9 levels left

rFire   . . .      SeeInvis .    a - +0 mace
rCold   . . .      Faith    .    (no shield)
rNeg    . . .      Spirit   .    (helmet restricted)
rPois   .          Reflect  .    (no amulet)
rElec   .          Rampage  .    o - +6 ring of strength
rCorr   .                        t - +6 ring of dexterity
Will    .....                    (no ring)
Stlth   ++++                     (no ring)
HPRegen 0.25/turn                (no ring)
MPRegen 0.11/turn                (no ring)
                                 (no ring)
                                 (no ring)

@: no status effects
A: almost no armour, amphibious, 8 rings, camouflage 1, gelatinous body 1,
(nimble swimmer 1), tentacles
a: no special abilities


You were on level 3 of the Dungeon.
You visited 1 branch of the dungeon, and saw 4 of its levels.

You collected 187 gold pieces.

Inventory:

Hand Weapons
 a - a +0 mace (weapon)
 b - a +0 sling
Missiles
 c - 7 boomerangs of dispersal (quivered)
 e - 35 stones
 r - 6 atropa-tipped darts
 s - 2 boomerangs
Jewellery
 o - a +6 ring of strength (left tentacle)
 t - a +6 ring of dexterity (right tentacle)
Wands
 m - a wand of iceblast (11)
Scrolls
 d - a scroll of silence {unknown}
 f - 2 scrolls of vulnerability
 g - a scroll of amnesia {unknown}
 i - a scroll of enchant armour {unknown}
 k - 2 scrolls of identify {unknown}
 l - a scroll of enchant weapon {unknown}
 p - a scroll of magic mapping {unknown}
Potions
 h - a potion of heal wounds {unknown}
 j - 2 potions of attraction {unknown}
 n - 2 potions of flight {unknown}
 q - 2 potions of brilliance {unknown}
 u - a potion of lignification {unknown}


   Skills:
 + Level 2.7 Fighting
 + Level 2.6 Maces & Flails
 + Level 0.7 Ranged Weapons
 + Level 1.8 Throwing
 + Level 2.9 Dodging
 * Level 4.0 Stealth
 + Level 2.5 Spellcasting
 + Level 3.5 Translocations


You had 2 spell levels left.
You knew the following spells:

 Your Spells              Type           Power      Damage    Failure   Level
a - Blink                 Tloc           24%        N/A       8%          2
b - Lesser Beckoning      Tloc           24%        N/A       8%          2
c - Teleport Other        Tloc           12%        N/A       16%         3

Your spell library contained the following spells:

 Spells                   Type           Power      Damage    Failure   Level
 Portal Projectile        Hex/Tloc       14%        N/A       30%         3
 Vhi's Electric Charge    Tloc/Air       14%        N/A       30%         3
 Manifold Assault         Tloc           12%        N/A       45%         4
 Call Canine Familiar     Summ           1%         N/A       54%         3
 Leda's Liquefaction      Hex/Erth       0%         N/A       91%         4


Dungeon Overview and Level Annotations

Branches:
Dungeon (4/15)
 Temple: D:4-7

Altars:

Shops:
D:2 *   D:3 :


Innate Abilities, Weirdness & Mutations

You cannot wear most types of armour.
You are amphibious.
You can wear up to eight rings at the same time.
Your skin changes colour to match your surroundings (Stealth+).
Your rubbery body absorbs attacks. (AC +1, EV +1)
((You are camouflaged when in or above water. (Stealth+)))
You have tentacles for arms and can constrict up to eight enemies at once.


Message History

You shoot a sling bullet. The sling bullet hits the sleepcap.
The sleepcap is lightly damaged.
A gnoll comes into view. It is wielding a +0 spear.
There is a stone staircase leading up here.
a - a +0 mace (weapon)
A gnoll comes into view. It is wielding a +0 spear.
Casting: Lesser Beckoning (safe; 8% risk of failure)
Confirm with . or Enter, or press ? or * to list all spells.
You can't see any susceptible monsters within range! (Use Z to cast anyway.)
Casting: Lesser Beckoning (safe; 8% risk of failure)
Confirm with . or Enter, or press ? or * to list all spells.
Aiming: Lesser Beckoning (safe; 8% risk of failure)
Press: ? - help, Shift-Dir - straight line, f - gnoll sergeant, p - sleepcap
Aim: a gnoll sergeant, wielding a +0 spear, wearing a +0 ring mail and wearing a +0 buckler (100% to hit)
The gnoll sergeant hurls suddenly forward!
The gnoll shouts!
The gnoll sergeant hits you with a +0 spear!
You climb upwards.
There is a stone staircase leading down here.
You sock the gnoll sergeant! You grab the gnoll sergeant.
The gnoll sergeant is moderately wounded.
You constrict the gnoll sergeant, but do no damage.
The gnoll sergeant hits you with a +0 spear.
The gnoll sergeant completely misses you.
The gnoll sergeant blocks your attack.
The gnoll sergeant is moderately wounded.
You constrict the gnoll sergeant, but do no damage.
The gnoll sergeant hits you with a +0 spear.
You hit the gnoll sergeant.
The gnoll sergeant is heavily wounded.
You constrict the gnoll sergeant.
The gnoll sergeant hits you with a +0 spear.
* * * LOW HITPOINT WARNING * * *
You hit the gnoll sergeant but do no damage.
The gnoll sergeant blocks your attack.
The gnoll sergeant is severely wounded.
You constrict the gnoll sergeant.
The gnoll sergeant completely misses you.
The gnoll sergeant hits you with a +0 spear!
You die...

#..#.####.#####..#.....##.###[##
............................##.#
#.#...###.####........###.#.#.##
.>.....##.####..##.##.# ##..)##
......................# ##.##
...#.###.##.##[.##.#### #.#
##.### #.##.##..##{# #.#
#.#####.##.###.##.# #.#
#)##....##.##.g@#.# ####.#
#.......##.....#..# ##.##.#
####....<..##.#.#.# #.....#
##.###..###)##.# ##...### #.#
#.#.......###.)<..#
######.###..#######........#
............# #.##...).#
###########.# #.###...## #.# #o#
#####


You could see a gnoll sergeant.

Vanquished Creatures
  Natasha (D:2)
  An orc wizard (D:3)
  2 adders (D:2)
  4 gnolls
  4 worms
  5 orcs (D:3)
  10 ball pythons
  5 endoplasms
  2 giant cockroaches (D:1)
  10 goblins
  8 hobgoblins
  6 jackals
  4 kobolds
  3 quokkas
  4 bats
  3 frilled lizards
  5 rats
77 creatures vanquished.

Notes
Turn   | Place    | Note
-------+----------+-------------------------------------------
     0 | D:1      | BlueFish the Octopode Warper began the quest for the Orb.
     0 | D:1      | Reached XP level 1. HP: 14/14 MP: 3/3
    52 | D:1      | Reached skill level 1 in Stealth
   141 | D:1      | Reached XP level 2. HP: 18/19 MP: 5/5
   414 | D:1      | Reached skill level 2 in Stealth
   871 | D:2      | Reached XP level 3. HP: 20/24 MP: 6/6
   874 | D:2      | Learned a level 2 spell: Blink
   877 | D:2      | Learned a level 2 spell: Lesser Beckoning
  1011 | D:2      | Found Liukli's General Store.
  1291 | D:2      | Reached XP level 4. HP: 24/29 MP: 7/7
  1421 | D:2      | Learned a level 3 spell: Teleport Other
  1511 | D:2      | Reached skill level 3 in Stealth
  1520 | D:2      | Noticed Natasha
  1526 | D:2      | Killed Natasha
  1809 | D:3      | Reached XP level 5. HP: 31/35 MP: 5/8
  2897 | D:3      | Found Fuuxiell's Vocational Training.
  2974 | D:3      | Reached skill level 4 in Stealth
  3032 | D:4      | Noticed a water elemental
  3048 | D:3      | Mangled by a gnoll sergeant

Illustrated notes

Levels and vault maps discovered:
D:1:      eino_arrival_cavern_b, layout_basic, serial_bayou_pond_e
D:2:      kennysheep_the_goblin_king, layout_loops_ring, serial_shops, shop,
          uniq_natasha
D:3:      layout_loops_ring, nicolae_shop_vocational
D:4:      layout_rooms, nicolae_qazlal_style_of_elements

Skill      XL: |  1  2  3  4  5 |
---------------+----------------+-----
Stealth        | 1 2 3 4 |  4.0
Fighting       | |  2.7
Maces & Flails | |  2.6
Ranged Weapons | |  0.7
Throwing       | |  1.8
Dodging        | |  2.9
Spellcasting   | |  2.5
Translocations | |  3.5

Action                     |  1- 3 |  4- 6 || total
---------------------------+-------+-------++-------
  Melee: Mace              |    77 |    69 ||   146
         Constrict         |    21 |    23 ||    44
         Tentacles         |    18 |    17 ||    35
         Punch             |     1 |     1 ||     2
   Fire: Sling             |       |    66 ||    66
   Cast: Lesser Beckoning  |       |     7 ||     7
         Blink             |       |     1 ||     1
    Use: Scroll            |       |     2 ||     2
   Stab: Sleeping          |    14 |     1 ||    15
 Armour: Skin              |     5 |     2 ||     7
  Dodge: Dodged            |    51 |    45 ||    96

Table legend: (Time is in decaauts)
 A = Elapsed time spent in this place.
 B = Non-inter-level travel time spent in this place.
 C = Inter-level travel time spent in this place.
 D = Time resting spent in this place.
 E = Time spent auto-exploring this place.
 F = Levels seen in this place.
 G = Mean time per level.
                   A        B        C        D        E       F      G
               +--------+--------+--------+--------+--------+-----+--------+
         Total |   3095 |   3002 |     93 |    228 |   2106 |   4 |  773.8 |
       Dungeon |   3095 |   3002 |     93 |    228 |   2106 |   4 |  773.8 |
               +--------+--------+--------+--------+--------+-----+--------+

Top non-repeatable levels by time:
     D:2: 1172 daAuts
     D:3: 1055 daAuts
     D:1: 834 daAuts
     D:4: 33 daAuts
